 Seeded DCSS version 0.24.0 (webtiles) character file.

Game seed: 12139606826936229842, levelgen mode: deterministic

1408 Auros the Spear-Bearer (level 8, 0/60 HPs)
             Began as a Merfolk Fighter on Feb 2, 2020.
             Was an Initiate of Fedhas.
             Succumbed to a killer bee's poison
             ... in the Ecumenical Temple.
             The game lasted 00:39:04 (5930 turns).

Auros the Spear-Bearer (Merfolk Fighter)            Turns: 5930, Time: 00:39:05

Health: 0/60       AC:  3    Str: 23 (24) XL:     8   Next: 70%
Magic:  8/8        EV: 12    Int: 11 (12) God:    Fedhas [......]
Gold:   220        SH:  9    Dex: 10 (13) Spells: 5/7 levels left

rFire    + . .     SeeInvis .   a - +0 trident
rCold    + . .     Gourm    .   s - +0 shield
rNeg     . . .     Faith    .   (no armour)
rPois    .         Spirit   .   (no helmet)
rElec    .         Reflect  .   r - scarf {rC+ rF+}
rCorr    .         Harm     .   (no gloves)
MR       .....                  (no boots)
Stlth    +.........             (no amulet)
HPRegen  0.20/turn              v - +3 ring of protection
MPRegen  0.11/turn              (no ring)

@: mighty, brilliant, lethally poisoned (0 -> -4), flying, very slightly
contaminated, hasted, invisible (expiring), very quick
A: change form in water, swift swim, stealthy swim
a: Renounce Religion


You were in the Ecumenical Temple.
You worshipped Fedhas.
Fedhas was noncommittal.
You were not hungry.

You visited 2 branches of the dungeon, and saw 9 of its levels.
You also visited: Sewer.

You collected 220 gold pieces.

Inventory:

Hand Weapons
 a - a +0 trident (weapon)
Missiles
 e - 18 poisoned darts
 q - 62 sling bullets
 x - 22 bolts
 y - 48 arrows
 z - 3 boomerangs
 Z - 96 stones (quivered)
Armour
 b - a +0 scale mail
 r - a scarf of resistance (worn)
 s - a +0 shield (worn)
 A - a +0 chain mail
Jewellery
 t - an uncursed ring of teleportation
 v - a +3 ring of protection (left hand)
Scrolls
 c - a scroll of remove curse
 i - 3 scrolls of identify
 j - 2 scrolls of teleportation
Potions
 m - a potion of invisibility
 p - a potion of flight
Comestibles
 f - 7 rations


   Skills:
 - Level 4.0 Fighting
 + Level 10.4 Polearms
 - Level 3.5 Armour
 + Level 5.4 Dodging
 - Level 3.5 Shields
 + Level 5.2 Transmutations


You had 5 spell levels left.
You knew the following spells:

 Your Spells              Type           Power        Failure   Level  Hunger
a - Sticks to Snakes      Tmut           ###.....     3%          2    ###....

Your spell library contained the following spells:

 Spells                   Type           Power        Failure   Level  Hunger
 Beastly Appendage        Tmut           ###...       2%          1    ##.....
 Summon Small Mammal      Summ           #...         16%         1    ##.....
 Spider Form              Tmut/Pois      ##........   17%         3    ####...
 Call Imp                 Summ           #.......     24%         2    ###....
 Call Canine Familiar     Summ           #.......     41%         3    ####...
 Summon Guardian Golem    Hex/Summ       #.......     41%         3    ####...
 Blade Hands              Tmut           ###.......   41%         5    ######.
 Ice Form                 Ice/Tmut       ##......     43%         4    #####..
 Summon Ice Beast         Ice/Summ       #.......     75%         4    #####..
 Summon Lightning Spire   Summ/Air       #.......     75%         4    #####..


Dungeon Overview and Level Annotations

Branches:
Dungeon (8/15)             Temple (1/1) D:7           Sewer (visited)
   Lair: D:8-11

Altars:
Ashenzari
Cheibriados
Dithmenos
Elyvilon
Fedhas
Gozag
Kikubaaqudgha
Makhleb
Nemelex Xobeh
Qazlal
Ru
Sif Muna
Trog
Uskayaw
Wu Jian
Xom
Yredelemnul
Zin
The Shining One


Message History

You feel sick.
This spell is quite dangerous to cast!
Memorise Ice Form, consuming 4 spell levels and leaving 1?
You start memorising the spell.
You continue memorising.
Your memorisation is interrupted.
* * * LOW HITPOINT WARNING * * *
You feel sick.
You feel very mighty all of a sudden.
You flicker for a moment.
Okay, then.
This spell is quite dangerous to cast!
Memorise Ice Form, consuming 4 spell levels and leaving 1?
Your memorisation is interrupted.
* * * LOW HITPOINT WARNING * * *
You feel sick.
This spell is quite dangerous to cast!
Memorise Ice Form, consuming 4 spell levels and leaving 1?
You start memorising the spell.
You continue memorising.
Your memorisation is interrupted.
You die...
Fedhas appreciates your contribution to the ecosystem.

y..#..._...#..._...# ####.###
...#.......#.......# ##.....##
..###.....###.....####.......#
### ###.### ###.####....._...#
#######.#######.###..#......##
....................#####.###
.....................# #..#
.............⌠.......# ##.#
.................@...# #..#
....................#####.###
#######.#######.###..#......##
### ###.### ###.####....._...#
..###.....###.....####.......#
...#.......#.......# ##.....##
...#..._...#..._...# ####.###
..###.....###.....####....#
#######.#######.###....####


There were no monsters in sight!

Vanquished Creatures
  A sky beast (D:6)
  2 phantoms
  2 ogres
  A centaur (D:5)
  A crocodile (Sewer)
  A bullfrog (D:6)
  A scorpion (D:4)
  2 killer bees (D:7)
  A howler monkey (D:6)
  A crimson imp (D:5)
  A hound (D:5)
  2 jellies
  A centaur skeleton (D:7)
  3 orc priests
  2 iguanas
  An orc wizard (D:5)
  4 worker ants
  4 gnolls
  5 adders
  2 river rats (D:3)
  2 worms
  A dart slug (D:3)
  3 leopard geckos
  12 orcs
  A giant cockroach (D:3)
  2 goblins
  2 hobgoblins (D:2)
  6 jackals
  7 kobolds
  2 frilled lizards
  A rat (D:3)
77 creatures vanquished.

Vanquished Creatures (collateral kills)
  A worker ant (D:6)
1 creature vanquished.

Vanquished Creatures (others)
  2 withered plants (D:7)
2 creatures vanquished.

Grand Total: 80 creatures vanquished

Notes
Turn   | Place    | Note
-------+----------+-------------------------------------------
     0 | D:1      | Auros the Merfolk Fighter began the quest for the Orb.
     0 | D:1      | Reached XP level 1. HP: 18/18 MP: 1/1
    61 | D:1      | Reached XP level 2. HP: 18/24 MP: 2/2
   156 | D:2      | Found a shadowy altar of Dithmenos.
   156 | D:2      | Found a burning altar of Makhleb.
   159 | D:2      | Found a glowing silver altar of Zin.
   319 | D:3      | Found a stormy altar of Qazlal.
   409 | D:3      | Reached XP level 3. HP: 9/29 MP: 3/3
   456 | D:3      | HP: 1/30 [river rat (5)]
   743 | D:3      | Found a glowing drain.
   747 | Sewer    | Entered a sewer
   778 | Sewer    | HP: 1/30 [poisoned by a kobold]
  1013 | Sewer    | Noticed a crocodile
  1044 | Sewer    | Killed a crocodile
  1044 | Sewer    | Reached skill level 4 in Polearms
  1044 | Sewer    | Reached XP level 4. HP: 9/37 MP: 4/4
  1044 | Sewer    | Reached XP level 5. HP: 10/42 MP: 5/5
  1436 | D:4      | Reached skill level 1 in Dodging
  1754 | D:5      | Entered Level 5 of the Dungeon
  1972 | D:5      | Reached skill level 5 in Polearms
  1972 | D:5      | Reached XP level 6. HP: 48/48 MP: 6/6
  2006 | D:5      | Reached skill level 6 in Polearms
  2018 | D:4      | Reached skill level 7 in Polearms
  2532 | D:4      | Noticed a phantom
  2577 | D:4      | Killed a phantom
  2577 | D:4      | Reached skill level 8 in Polearms
  2577 | D:4      | Reached XP level 7. HP: 29/54 MP: 7/7
  3003 | D:4      | Learned a level 2 spell: Sticks to Snakes
  3164 | D:5      | Reached skill level 1 in Transmutations
  3320 | D:5      | Reached skill level 9 in Polearms
  3994 | D:6      | Reached XP level 8. HP: 57/60 MP: 8/8
  4444 | D:6      | Reached skill level 10 in Polearms
  5045 | D:7      | Learned a level 2 spell: Sticks to Snakes
  5058 | D:7      | Reached skill level 5 in Dodging
  5226 | D:8      | Reached skill level 5 in Transmutations
  5300 | D:7      | Found a staircase to the Ecumenical Temple.
  5323 | D:7      | HP: 3/60 [poisoned by a killer bee]
  5548 | Temple   | Entered the Ecumenical Temple
  5768 | Temple   | Became a worshipper of Fedhas Madash
  5797 | D:7      | Learned a level 3 spell: Spider Form
  5811 | D:7      | Found an ancient bone altar of Kikubaaqudgha.
  5922 | Temple   | HP: 3/60 [poisoned by a killer bee]
  5926 | Temple   | HP: 1/60 [poisoned by a killer bee]
  5930 | Temple   | Succumbed to a killer bee's poison

Levels and vault maps discovered:
D:1:      scummos_arrival_forest, layout_basic
D:2:      layout_loops_ring, grunt_temple_overflow_open, first_ration,
          makhleb_altar_promises_db
D:3:      layout_loops_ring, marbit_many_paths,
          chequers_ecumenical_altar_twisty, gup_sewer_entry_bowl
D:4:      layout_loops_ring
D:5:      layout_basic, lemuel_doored_altar, kennysheep_okawaru_gauntlet,
          serial_corexii_hall, corexii_hall_statues_u,
          chequers_hall_statues_wall_a, kennysheep_generic_room_3
D:6:      layout_basic, minmay_holes
D:7:      layout_cave_pools, kiku_gazebo_garden_becter, kennysheep_mini,
          temple_green, basic_altar
D:8:      layout_basic, grunt_livestock, corexii_hall_statues_t
Temple:   dpeg_chambers_temple
